Rockets vs Icehogs

Created - May 1, 2025 at 19:02

Goals
1 2 3 T
Rockets 0 0 2 2
Icehogs 3 1 1 5
Shots
1 2 3 T
Rockets 10 6 10 26
Icehogs 10 12 14 36

1st period

1. Icehogs , Ben Johnson 25 (JJ. Piccinich 14, Julius Honka 45) at 0:54
2. Icehogs , Maxim Letunov 9 (Gabriel Fortier 13) at 5:43
3. Icehogs , Nikita Scherbak 21 (Dillon Dube 52, Zach Whitecloud 16) at 16:08 (PP)

Penalties :
Calle Andersson (Roc) for Cross-checking (Minor) at 9:40, Connor Clifton (Lav) for Cross-checking (Minor) at 14:51

2nd period

4. Icehogs , Mikhail Grigorenko 35 (Hudson Fasching 73, Mackenzie Blackwood) at 16:44 (SH)

Penalties :
Jayden Struble (Lav) for Boarding (Minor) at 1:02, Jeremy Davies (Roc) for Tripping (Minor) at 8:07, Zach Whitecloud (Roc) for Hooking (Minor) at 15:06

3rd period

5. Rockets , Alex Newhook 20 (Alexandre Carrier 43, Kirby Dach 9) at 4:30
6. Icehogs , Mikhail Grigorenko 36 (Hudson Fasching 74, Andrew Poturalski 45) at 5:14
7. Rockets , Robert Thomas 35 (Alexandre Carrier 44) at 19:30 (PP)

Penalties :
Jeremy Davies (Roc) for Holding Stick (Minor) at 1:23, Tage Thompson (Lav) for Holding (Minor) at 11:52, Marcus Hogberg (Lav) for Slashing (Minor) at 13:06 - Connor Clifton served the penalty, JJ. Piccinich (Roc) for Slashing (Double Minor) at 19:13

Goalie Stats

Marcus Hogberg (Lav), 12 saves from 12 shots - (1.000), 14:46 minutes
Pyotr Kochetkov (Lav), 19 saves from 24 shots - (0.792), L, 15-17-1, 45:14 minutes
Mackenzie Blackwood (Roc), 24 saves from 26 shots - (0.923), W, 29-22-5, 60:00 minutes

Players Stats for Rockets

Player Name              G  A  P  +/- PIM S  H  SB GA TA FO     MP     PP MP  PK MP  
------------------------------------------------------------------------------------
                         0  0  0   0  0   0  0  0  0  0  0/0     0:00   0:00   0:00 
                         0  0  0   0  0   0  0  0  0  0  0/0     0:00   0:00   0:00 
                         0  0  0   0  0   0  0  0  0  0  0/0     0:00   0:00   0:00 
                         0  0  0   0  0   0  0  0  0  0  0/0     0:00   0:00   0:00 
                         0  0  0   0  0   0  0  0  0  0  0/0     0:00   0:00   0:00 
Alex Newhook             1  0  1   1  0   3  1  0  0  0  0/1    11:45   3:45   0:17 
Alexandre Carrier        0  2  2   0  0   1  1  3  1  2  0/0    25:47   5:38   3:53 
Arber Xhekaj             0  0  0   0  0   0  0  0  0  0  0/0     7:21   0:00   0:24 
Barrett Hayton           0  0  0  -2  0   0  0  0  0  0  0/0    12:58   0:11   0:21 
Cole Caufield            0  0  0   1  0   1  1  0  0  0  0/1    11:28   3:45   0:00 
Connor Clifton           0  0  0   0  2   1  2  2  0  1  0/0    17:06   0:11   1:11 
Jackson LaCombe          0  0  0  -1  0   0  1  1  0  0  0/0     5:07   0:00   0:00 
Jacob Bryson             0  0  0  -1  0   1  0  1  0  0  0/0    17:29   0:00   1:01 
Jacob De La Rose         0  0  0   0  0   1  2  1  0  1  7/12   15:48   0:00   3:47 
Jake Evans               0  0  0  -3  0   2  4  0  0  0  8/15   15:16   3:04   0:00 
Jared McCann             0  0  0  -1  0   3  1  1  0  0  5/12   20:33   5:38   1:13 
Jayden Struble           0  0  0   0  2   0  0  0  0  0  0/0     5:19   0:00   0:00 
Josh Anderson            0  0  0   0  0   0  0  0  0  0  0/0    14:06   0:11   1:13 
Kirby Dach               0  1  1   1  0   2  2  0  0  0  5/7    11:28   3:45   0:00 
Kristians Rubins         0  0  0  -1  0   1  0  0  0  0  0/0     9:24   0:00   2:36 
Maxime Comtois           0  0  0  -2  0   4  4  0  1  0  0/9    18:28   4:46   1:30 
Robert Thomas            1  0  1  -2  0   4  4  0  1  0  4/6    17:04   4:46   0:00 
Simon Benoit             0  0  0  -2  0   0  3  2  0  2  0/0    23:30   3:04   3:53 
Tage Thompson            0  0  0  -2  2   0  1  0  1  0  0/0    15:17   0:00   2:52 
Trevor Zegras            0  0  0  -1  0   2  2  0  0  0  0/0    17:29   4:46   1:00 

Players Stats for Icehogs

Player Name              G  A  P  +/- PIM S  H  SB GA TA FO     MP     PP MP  PK MP  
------------------------------------------------------------------------------------
                         0  0  0   0  0   0  0  0  0  0  0/0     0:00   0:00   0:00 
                         0  0  0   0  0   0  0  0  0  0  0/0     0:00   0:00   0:00 
Andrew Poturalski        0  1  1   1  0   0  0  2  0  0  10/23  19:38   3:42   2:19 
Antoine Morand           0  0  0   0  0   0  0  0  0  0  0/0     0:00   0:00   0:00 
Ben Johnson              1  0  1   1  0   2  0  0  0  0  3/6    11:04   0:00   0:00 
Calle Andersson          0  0  0   1  2   0  1  1  0  0  0/0    19:31   2:15   2:44 
Clark Bishop             0  0  0   0  0   0  0  0  0  0  0/0     0:00   0:00   0:00 
Declan Chisholm          0  0  0   1  0   2  0  1  0  1  0/0    11:19   0:00   0:29 
Dillon Dube              0  1  1   1  0   3  2  1  0  0  9/14   16:31   2:47   2:19 
Egor Afanasyev           0  0  0   0  0   0  0  0  0  0  0/0     0:00   0:00   0:00 
Gabriel Fortier          0  1  1   1  0   0  1  1  0  0  0/1     7:56   0:00   0:00 
Hudson Fasching          0  2  2   0  0   3  1  0  1  1  1/1    23:17   3:42   5:18 
Jackson Cates            0  0  0   0  0   0  0  0  0  0  0/0     1:12   0:00   1:05 
Jeremy Davies            0  0  0   1  4   6  0  0  1  0  0/0    26:23   4:14   2:52 
JJ. Piccinich            0  1  1   1  4   2  2  0  0  0  0/0    11:03   0:00   0:00 
Julius Honka             0  1  1   1  0   3  1  0  0  1  0/0    28:36   4:14   5:14 
Kristian Reichel         0  0  0   0  0   0  0  0  0  0  0/0     0:00   0:00   0:00 
Maxim Letunov            1  0  1   1  0   1  0  0  0  0  0/4     7:56   0:00   0:00 
Mikhail Grigorenko       2  0  2   0  0   3  4  0  2  0  10/12  23:17   3:42   5:18 
Mitchell Chaffee         0  0  0   1  0   1  0  0  0  0  0/0     7:56   0:00   0:00 
Nikita Okhotyuk          0  0  0   2  0   2  0  2  0  0  0/0    15:11   0:00   3:25 
Nikita Scherbak          1  0  1   0  0   4  0  1  2  0  1/1    14:11   2:47   0:00 
Nils Hoglander           0  0  0   0  0   2  1  1  0  0  0/1    14:11   2:47   0:00 
Ross Johnston            0  0  0   1  0   2  1  0  0  0  0/0    12:16   0:00   1:05 
Zach Whitecloud          0  1  1   0  2   0  0  0  0  1  0/0    19:45   2:15   2:40 

3 Stars

1 - Mikhail Grigorenko (Roc)
2 - Ben Johnson (Roc)
3 - Maxim Letunov (Roc)

Power Play

Rockets - 1 on 6 Attempt(s) - 16.67%
Icehogs - 1 on 4 Attempt(s) - 25.00%

Penalty Kill

Rockets - 3 on 4 Attempt(s) - 75.00% - Score 0 goal in Penalty Kill
Icehogs - 5 on 6 Attempt(s) - 83.33% - Score 1 goal in Penalty Kill

Team Stat

Rockets - Hits : 29 - Faceoff Wins : 29 - Blocked Shots : 11 - Penalty Minutes : 8
Icehogs - Hits : 14 - Faceoff Wins : 34 - Blocked Shots : 10 - Penalty Minutes : 12

Official

Referees : Dean Morton and Brandon Blandina
Linesman : Brad Kovachik and Scott Cherrey

Game Notes

Marcus Hogberg enters game at 5:14 of 3rd period

Finance

Level 1 -- Attendance: 1714 (85.70%) -- Ticket Income $119,980
Level 2 -- Attendance: 909 (90.90%) -- Ticket Income $36,360
Total Attendance: 2623 (87.43%)
Total Ticket Income: $156,340
Other Income: $7,817
Total Income: $164,157

Rockets

5 vs 5 Forward 
   Center                   Left Wing                Right Wing               Time % Phy DF OF 
 1 Jacob De La Rose         Trevor Zegras            Josh Anderson            30     1   3  1  
 2 Jared McCann             Maxime Comtois           Robert Thomas            30     1   2  2  
 3 Jake Evans               Barrett Hayton           Tage Thompson            30     1   2  2  
 4 Kirby Dach               Alex Newhook             Cole Caufield            10     1   2  2  

5 vs 5 Defense 
   Defense                  Defense                                           Time % Phy DF OF 
 1 Alexandre Carrier        Connor Clifton                                    40     1   2  2  
 2 Simon Benoit             Jacob Bryson                                      40     1   2  2  
 3 Jayden Struble           Arber Xhekaj                                      10     1   2  2  
 4 Kristians Rubins         Jackson LaCombe                                   10     1   2  2  

PowerPlay Forward 
   Center                   Left Wing                Right Wing               Time % Phy DF OF 
 1 Maxime Comtois           Trevor Zegras            Robert Thomas            70     1   2  2  
 2 Kirby Dach               Alex Newhook             Cole Caufield            30     1   2  2  

PowerPlay Defense
   Defense                  Defense                                           Time % Phy DF OF 
 1 Jared McCann             Alexandre Carrier                                 60     1   2  2  
 2 Jake Evans               Simon Benoit                                      40     1   2  2  

Penalty Kill 4 Players Forward 
   Center                   Wing                     Time % Phy DF OF 
 1 Jacob De La Rose         Tage Thompson            60     1   2  2  
 2 Josh Anderson            Jared McCann             40     1   2  2  

Penalty Kill 4 Players Defense
   Defense                  Defense                  Time % Phy DF OF 
 1 Simon Benoit             Alexandre Carrier        60     1   2  2  
 2 Kristians Rubins         Connor Clifton           40     1   2  2  

Penalty Kill - 3 Players Forward 
   Forward                                           Time % Phy DF OF 
 1 Jacob De La Rose                                  60     1   2  2  
 2 Jared McCann                                      40     1   2  2  

Penalty Kill - 3 Players Defense
   Defense                  Defense                  Time % Phy DF OF 
 1 Simon Benoit             Alexandre Carrier        60     1   2  2  
 2 Kristians Rubins         Connor Clifton           40     1   2  2  

4 vs 4 Forward 
   Center                   Wing                     Time % Phy DF OF 
 1 Jacob De La Rose         Maxime Comtois           60     1   2  2  
 2 Josh Anderson            Jared McCann             40     1   2  2  

4 vs 4 Defense
   Defense                  Defense                  Time % Phy DF OF 
 1 Arber Xhekaj             Alexandre Carrier        60     1   2  2  
 2 Jacob Bryson             Simon Benoit             40     1   2  2  

Last Minutes Offensive
   Center                   Left Wing                Right Wing               Defense                  Defense                  
   Jared McCann             Trevor Zegras            Robert Thomas            Simon Benoit             Alexandre Carrier        

Last Minutes Defensive
   Center                   Left Wing                Right Wing               Defense                  Defense                  
   Jacob De La Rose         Maxime Comtois           Josh Anderson            Simon Benoit             Alexandre Carrier        

Goaltenders
Starting : Pyotr Kochetkov          
Backup : Marcus Hogberg           

Extra Forwards
Normal : Jake Evans, Trevor Zegras, Tage Thompson - PP : Jake Evans, Trevor Zegras - PK : Maxime Comtois
Extra Defensemen
Normal : Kristians Rubins, Arber Xhekaj, Jacob Bryson - PP : Kristians Rubins - PK : Jacob Bryson, Arber Xhekaj
Penalty Shots
Maxime Comtois, Jacob De La Rose, Jared McCann, Trevor Zegras, Cole Caufield
Custom OT Lines Forwards
Jacob De La Rose, Jake Evans, Josh Anderson, Jared McCann, Robert Thomas, Maxime Comtois, Barrett Hayton, Trevor Zegras, Tage Thompson, Alex Newhook
Custom OT Lines Defensemen
Alexandre Carrier, Simon Benoit, Connor Clifton, Jacob Bryson, Kristians Rubins

Scratches
Cole Ully (Healthy), Grant Besse (Healthy), Jeff Corbett (Healthy), Nicolas Hague (Abdominal Strain Injury), Hunter Drew (Healthy)
Zach Stepan (Healthy), Michael Pezzetta (Healthy), Joel Teasdale (Healthy), Zachary Gallant (Healthy), Joey Daccord (Healthy)

Icehogs

5 vs 5 Forward 
   Center                   Left Wing                Right Wing               Time % Phy DF OF 
 1 Andrew Poturalski        Mikhail Grigorenko       Hudson Fasching          40     1   2  2  
 2 Dillon Dube              Nils Hoglander           Nikita Scherbak          30     1   2  2  
 3 Ben Johnson              Ross Johnston            JJ. Piccinich            20     1   2  2  
 4 Maxim Letunov            Gabriel Fortier          Mitchell Chaffee         10     1   2  2  

5 vs 5 Defense 
   Defense                  Defense                                           Time % Phy DF OF 
 1 Julius Honka             Jeremy Davies                                     40     1   2  2  
 2 Calle Andersson          Zach Whitecloud                                   30     1   2  2  
 3 Declan Chisholm          Nikita Okhotyuk                                   20     1   2  2  
 4 Julius Honka             Jeremy Davies                                     10     1   2  2  

PowerPlay Forward 
   Center                   Left Wing                Right Wing               Time % Phy DF OF 
 1 Andrew Poturalski        Mikhail Grigorenko       Hudson Fasching          60     1   2  2  
 2 Dillon Dube              Nils Hoglander           Nikita Scherbak          40     1   2  2  

PowerPlay Defense
   Defense                  Defense                                           Time % Phy DF OF 
 1 Julius Honka             Jeremy Davies                                     60     1   2  2  
 2 Calle Andersson          Zach Whitecloud                                   40     1   2  2  

Penalty Kill 4 Players Forward 
   Center                   Wing                     Time % Phy DF OF 
 1 Mikhail Grigorenko       Hudson Fasching          60     1   2  2  
 2 Andrew Poturalski        Dillon Dube              40     1   2  2  

Penalty Kill 4 Players Defense
   Defense                  Defense                  Time % Phy DF OF 
 1 Julius Honka             Jeremy Davies            60     1   2  2  
 2 Calle Andersson          Zach Whitecloud          40     1   2  2  

Penalty Kill - 3 Players Forward 
   Forward                                           Time % Phy DF OF 
 1 Mikhail Grigorenko                                60     1   2  2  
 2 Hudson Fasching                                   40     1   2  2  

Penalty Kill - 3 Players Defense
   Defense                  Defense                  Time % Phy DF OF 
 1 Julius Honka             Jeremy Davies            60     1   2  2  
 2 Calle Andersson          Zach Whitecloud          40     1   2  2  

4 vs 4 Forward 
   Center                   Wing                     Time % Phy DF OF 
 1 Mikhail Grigorenko       Hudson Fasching          60     1   2  2  
 2 Andrew Poturalski        Dillon Dube              40     1   2  2  

4 vs 4 Defense
   Defense                  Defense                  Time % Phy DF OF 
 1 Julius Honka             Jeremy Davies            60     1   2  2  
 2 Calle Andersson          Zach Whitecloud          40     1   2  2  

Last Minutes Offensive
   Center                   Left Wing                Right Wing               Defense                  Defense                  
   Andrew Poturalski        Mikhail Grigorenko       Hudson Fasching          Julius Honka             Jeremy Davies            

Last Minutes Defensive
   Center                   Left Wing                Right Wing               Defense                  Defense                  
   Andrew Poturalski        Mikhail Grigorenko       Hudson Fasching          Julius Honka             Jeremy Davies            

Goaltenders
Starting : Mackenzie Blackwood      
Backup : Oscar Dansk              

Extra Forwards
Normal : Clark Bishop, Antoine Morand, Jackson Cates - PP : Clark Bishop, Antoine Morand - PK : Jackson Cates
Extra Defensemen
Normal : Declan Chisholm, Nikita Okhotyuk, Calle Andersson - PP : Declan Chisholm - PK : Nikita Okhotyuk, Calle Andersson
Penalty Shots
Mikhail Grigorenko, Hudson Fasching, Andrew Poturalski, Dillon Dube, Nikita Scherbak
Custom OT Lines Forwards
Mikhail Grigorenko, Hudson Fasching, Andrew Poturalski, Dillon Dube, Nikita Scherbak, Ben Johnson, Nils Hoglander, Maxim Letunov, Clark Bishop, Ross Johnston
Custom OT Lines Defensemen
Julius Honka, Jeremy Davies, Calle Andersson, Zach Whitecloud, Declan Chisholm

Scratches
Patrick Sieloff (Healthy), Petr Kvaca (Healthy)

% Time on Ice - Rockets

Lines # - Real PCT - Wanted PCT - Time Play
Normal Forward
1 - 27% - 30% - 12:12
2 - 29% - 30% - 12:50
3 - 27% - 30% - 12:16
4 - 17% - 10% - 7:31
Normal Defense
1 - 36% - 40% - 16:16
2 - 41% - 40% - 18:10
3 - 12% - 10% - 5:16
4 - 11% - 10% - 5:07
PP Forward
1 - 57% - 70% - 4:57
2 - 43% - 30% - 3:45
PP Defense
1 - 65% - 60% - 5:38
2 - 35% - 40% - 3:04
PK Forward
1 - 79% - 60% - 4:31
2 - 21% - 40% - 1:13
PK Defense
1 - 60% - 60% - 3:27
2 - 40% - 40% - 2:17
PK3 Forward
1 - 100% - 60% - 0:45
2 - 0% - 40% - 0:00
PK3 Defense
1 - 58% - 60% - 0:26
2 - 42% - 40% - 0:19
44 Forward
1 - 0% - 60%
2 - 0% - 40%
44 Defense
1 - 0% - 60%
2 - 0% - 40%
Last Minute Offensive  - 0:00
Last Minute Defensive  - 0:00
Total
Forward - 60:00
Defense - 60:00

% Time on Ice - Icehogs

Lines # - Real PCT - Wanted PCT - Time Play
Normal Forward
1 - 32% - 40% - 14:24
2 - 25% - 30% - 11:25
3 - 25% - 20% - 11:04
4 - 18% - 10% - 7:56
Normal Defense
1 - 41% - 40% - 18:11
2 - 33% - 30% - 14:51
3 - 23% - 20% - 10:28
4 - 3% - 10% - 1:19
PP Forward
1 - 57% - 60% - 3:42
2 - 43% - 40% - 2:47
PP Defense
1 - 65% - 60% - 4:14
2 - 35% - 40% - 2:15
PK Forward
1 - 73% - 60% - 6:23
2 - 27% - 40% - 2:19
PK Defense
1 - 61% - 60% - 5:20
2 - 39% - 40% - 3:22
PK3 Forward
1 - 0% - 60%
2 - 0% - 40%
PK3 Defense
1 - 0% - 60%
2 - 0% - 40%
44 Forward
1 - 0% - 60%
2 - 0% - 40%
44 Defense
1 - 0% - 60%
2 - 0% - 40%
Last Minute Offensive  - 0:00
Last Minute Defensive  - 0:00
Total
Forward - 60:00
Defense - 60:00

Play-by-Play

1st period


0:01 of 1st period - Andrew Poturalski wins face-off versus Jacob De La Rose in neutral zone.
0:26 of 1st period - Connor Clifton is hit by Nils Hoglander and loses puck.
0:37 of 1st period - Dillon Dube is hit by Robert Thomas and loses puck.
0:50 of 1st period - Slapshot by Julius Honka.
0:50 of 1st period - Shot Blocked by Simon Benoit.
0:52 of 1st period - Slapshot by JJ. Piccinich.
0:52 of 1st period - Stopped by Pyotr Kochetkov with a rebound.
0:54 of 1st period - Wrist shot by Ben Johnson.
0:54 of 1st period - Goal by Ben Johnson - Rockets : 0 - Icehogs : 1.
0:55 of 1st period - Kirby Dach wins face-off versus Maxim Letunov in neutral zone.
1:20 of 1st period - Tage Thompson is hit by Mikhail Grigorenko and loses puck.
1:45 of 1st period - Wrist shot by Jacob De La Rose.
1:45 of 1st period - Stopped by Mackenzie Blackwood without a rebound.
1:46 of 1st period - Robert Thomas wins face-off versus Dillon Dube in Icehogs zone.
1:47 of 1st period - Backhand shot by Maxime Comtois.
1:47 of 1st period - Stopped by Mackenzie Blackwood without a rebound.
1:48 of 1st period - Dillon Dube wins face-off versus Jared McCann in Icehogs zone.
1:55 of 1st period - Snap shot by Nikita Scherbak.
1:55 of 1st period - Shot Misses the Net.
1:57 of 1st period - Slapshot by Declan Chisholm.
1:57 of 1st period - Deflect By Simon Benoit.
1:57 of 1st period - Stopped by Pyotr Kochetkov without a rebound.
1:58 of 1st period - Jake Evans wins face-off versus Andrew Poturalski in Rockets zone.
2:45 of 1st period - Snap shot by Trevor Zegras.
2:45 of 1st period - Shot Misses the Net.
2:47 of 1st period - Slapshot by Connor Clifton.
2:47 of 1st period - Stopped by Mackenzie Blackwood with a rebound.
2:49 of 1st period - Slapshot by Connor Clifton.
2:49 of 1st period - Shot Misses the Net.
3:05 of 1st period - Snap shot by Kirby Dach.
3:05 of 1st period - Deflect By Jeremy Davies.
3:05 of 1st period - Shot Misses the Net.
3:05 of 1st period - Puck is out of play.
3:06 of 1st period - Jake Evans wins face-off versus Andrew Poturalski in Icehogs zone.
3:07 of 1st period - Snap shot by Barrett Hayton.
3:07 of 1st period - Shot Misses the Net.
3:09 of 1st period - Backhand shot by Tage Thompson.
3:09 of 1st period - Shot Blocked by Declan Chisholm.
3:19 of 1st period - Slapshot by Jake Evans.
3:19 of 1st period - Stopped by Mackenzie Blackwood without a rebound.
3:20 of 1st period - Dillon Dube wins face-off versus Jared McCann in Icehogs zone.
3:56 of 1st period - Snap shot by Mikhail Grigorenko.
3:56 of 1st period - Shot Blocked by Jacob De La Rose.
4:32 of 1st period - Snap shot by Dillon Dube.
4:32 of 1st period - Stopped by Pyotr Kochetkov without a rebound.
4:33 of 1st period - Nikita Scherbak wins face-off versus Kirby Dach in Rockets zone.
4:42 of 1st period - Snap shot by Cole Caufield.
4:42 of 1st period - Shot Misses the Net.
4:52 of 1st period - Snap shot by Cole Caufield.
4:52 of 1st period - Stopped by Mackenzie Blackwood without a rebound.
4:53 of 1st period - Jared McCann wins face-off versus Andrew Poturalski in Icehogs zone.
4:56 of 1st period - Wrist shot by Robert Thomas.
4:56 of 1st period - Stopped by Mackenzie Blackwood without a rebound.
4:57 of 1st period - Jared McCann wins face-off versus Andrew Poturalski in Icehogs zone.
5:09 of 1st period - Wrist shot by Mikhail Grigorenko.
5:09 of 1st period - Shot Blocked by Jackson LaCombe.
5:11 of 1st period - Slapshot by Andrew Poturalski.
5:11 of 1st period - Shot Misses the Net.
5:13 of 1st period - Slapshot by Jeremy Davies.
5:13 of 1st period - Stopped by Pyotr Kochetkov with a rebound.
5:43 of 1st period - Snap shot by Maxim Letunov.
5:43 of 1st period - Goal by Maxim Letunov - Rockets : 0 - Icehogs : 2.
5:44 of 1st period - Jake Evans wins face-off versus Andrew Poturalski in neutral zone.
7:23 of 1st period - Wrist shot by Robert Thomas.
7:23 of 1st period - Stopped by Mackenzie Blackwood with a rebound.
7:25 of 1st period - Wrist shot by Jared McCann.
7:25 of 1st period - Shot Misses the Net.
7:27 of 1st period - Snap shot by Robert Thomas.
7:27 of 1st period - Stopped by Mackenzie Blackwood without a rebound.
7:28 of 1st period - Andrew Poturalski wins face-off versus Jake Evans in Icehogs zone.
8:15 of 1st period - Arber Xhekaj is hit by Dillon Dube.
8:55 of 1st period - Julius Honka is hit by Alex Newhook and loses puck.
9:12 of 1st period - Slapshot by Jeremy Davies.
9:12 of 1st period - Stopped by Pyotr Kochetkov without a rebound.
9:13 of 1st period - Jared McCann wins face-off versus Maxim Letunov in Rockets zone.
9:15 of 1st period - Icing by Robert Thomas.
9:16 of 1st period - Jared McCann wins face-off versus Maxim Letunov in Rockets zone.
9:40 of 1st period - Minor Penalty to Calle Andersson for Cross-checking.
9:41 of 1st period - Robert Thomas wins face-off versus Mikhail Grigorenko in Icehogs zone.
11:40 of 1st period - Penalty to Calle Andersson is over, Calle Andersson is back on ice.
12:50 of 1st period - Icing by Julius Honka.
12:51 of 1st period - Ben Johnson wins face-off versus Kirby Dach in Icehogs zone.
13:20 of 1st period - Snap shot by Hudson Fasching.
13:20 of 1st period - Stopped by Pyotr Kochetkov with a rebound.
13:22 of 1st period - Snap shot by Mikhail Grigorenko.
13:22 of 1st period - Stopped by Pyotr Kochetkov without a rebound.
13:23 of 1st period - Jake Evans wins face-off versus Dillon Dube in Rockets zone.
13:30 of 1st period - Dillon Dube is hit by Connor Clifton and loses puck.
14:51 of 1st period - Minor Penalty to Connor Clifton for Cross-checking.
14:52 of 1st period - Andrew Poturalski wins face-off versus Jacob De La Rose in Rockets zone.
15:24 of 1st period - Off-side.
15:25 of 1st period - Jacob De La Rose wins face-off versus Dillon Dube in neutral zone.
15:31 of 1st period - Icing by Dillon Dube.
15:32 of 1st period - Andrew Poturalski wins face-off versus Jacob De La Rose in Icehogs zone.
15:41 of 1st period - Mikhail Grigorenko is hit by Alexandre Carrier and loses puck.
16:08 of 1st period - Wrist shot by Nikita Scherbak.
16:08 of 1st period - Goal by Nikita Scherbak - Rockets : 0 - Icehogs : 3.
16:09 of 1st period - Jared McCann wins face-off versus Andrew Poturalski in neutral zone.
16:12 of 1st period - Slapshot by Alexandre Carrier.
16:12 of 1st period - Shot Blocked by Andrew Poturalski.
16:41 of 1st period - Zach Whitecloud is hit by Connor Clifton and loses puck.
16:48 of 1st period - Zach Whitecloud is hit by Jake Evans and loses puck.
17:24 of 1st period - Simon Benoit is hit by Hudson Fasching and loses puck.
19:01 of 1st period - Icing by Jeremy Davies.
19:02 of 1st period - Kirby Dach wins face-off versus Maxim Letunov in Icehogs zone.
19:05 of 1st period - Snap shot by Kirby Dach.
19:05 of 1st period - Shot Blocked by Gabriel Fortier.
19:15 of 1st period - Slapshot by Alexandre Carrier.
19:15 of 1st period - Deflect By Alex Newhook.
19:15 of 1st period - Stopped by Mackenzie Blackwood with a rebound.
19:17 of 1st period - Snap shot by Alex Newhook.
19:17 of 1st period - Stopped by Mackenzie Blackwood with a rebound.
Goals for this period are 0 for Rockets vs 3 for Icehogs.
Shots for this period are 10 for Rockets vs 10 for Icehogs.

2nd period


0:01 of 2nd period - Andrew Poturalski wins face-off versus Jacob De La Rose in neutral zone.
0:49 of 2nd period - JJ. Piccinich is hit by Maxime Comtois and loses puck.
1:02 of 2nd period - Minor Penalty to Jayden Struble for Boarding.
1:03 of 2nd period - Andrew Poturalski wins face-off versus Jacob De La Rose in Rockets zone.
1:39 of 2nd period - Slapshot by Julius Honka.
1:39 of 2nd period - Shot Blocked by Connor Clifton.
2:22 of 2nd period - Mikhail Grigorenko is hit by Simon Benoit and loses puck.
2:37 of 2nd period - Snap shot by Trevor Zegras.
2:37 of 2nd period - Stopped by Mackenzie Blackwood without a rebound.
2:38 of 2nd period - Dillon Dube wins face-off versus Maxime Comtois in Icehogs zone.
2:43 of 2nd period - Wrist shot by Nils Hoglander.
2:43 of 2nd period - Deflect By Nikita Scherbak.
2:43 of 2nd period - Stopped by Pyotr Kochetkov with a rebound.
3:02 of 2nd period - Penalty to Jayden Struble is over, Jayden Struble is back on ice.
3:53 of 2nd period - Ross Johnston is hit by Jackson LaCombe and loses puck.
4:10 of 2nd period - Snap shot by Jacob De La Rose.
4:10 of 2nd period - Shot Blocked by Nils Hoglander.
4:22 of 2nd period - Tage Thompson is hit by Mikhail Grigorenko and loses puck.
4:43 of 2nd period - Nikita Okhotyuk is hit by Cole Caufield and loses puck.
5:00 of 2nd period - Icing by Josh Anderson.
5:01 of 2nd period - Jacob De La Rose wins face-off versus Ben Johnson in Rockets zone.
5:13 of 2nd period - Icing by Julius Honka.
5:14 of 2nd period - Ben Johnson wins face-off versus Jake Evans in Icehogs zone.
5:21 of 2nd period - Slapshot by Jeremy Davies.
5:21 of 2nd period - Stopped by Pyotr Kochetkov with a rebound.
6:18 of 2nd period - Wrist shot by Maxim Letunov.
6:18 of 2nd period - Shot Blocked by Jared McCann.
7:25 of 2nd period - Snap shot by JJ. Piccinich.
7:25 of 2nd period - Stopped by Pyotr Kochetkov without a rebound.
7:26 of 2nd period - Dillon Dube wins face-off versus Jake Evans in Rockets zone.
7:53 of 2nd period - Jeremy Davies is hit by Jacob De La Rose.
7:57 of 2nd period - Slapshot by Trevor Zegras.
7:57 of 2nd period - Shot Misses the Net.
7:59 of 2nd period - Slapshot by Kristians Rubins.
7:59 of 2nd period - Stopped by Mackenzie Blackwood with a rebound.
8:01 of 2nd period - Wrist shot by Jacob De La Rose.
8:01 of 2nd period - Shot Misses the Net.
8:07 of 2nd period - Minor Penalty to Jeremy Davies for Tripping.
8:08 of 2nd period - Mikhail Grigorenko wins face-off versus Maxime Comtois in Icehogs zone.
8:08 of 2nd period - Mikhail Grigorenko is hit by Maxime Comtois.
8:48 of 2nd period - Backhand shot by Jake Evans.
8:48 of 2nd period - Shot Blocked by Andrew Poturalski.
10:07 of 2nd period - Penalty to Jeremy Davies is over, Jeremy Davies is back on ice.
10:27 of 2nd period - Wrist shot by Nikita Scherbak.
10:27 of 2nd period - Stopped by Pyotr Kochetkov with a rebound.
10:29 of 2nd period - Slapshot by Nils Hoglander.
10:29 of 2nd period - Stopped by Pyotr Kochetkov without a rebound.
10:30 of 2nd period - Jake Evans wins face-off versus Ben Johnson in Rockets zone.
10:43 of 2nd period - Slapshot by Mikhail Grigorenko.
10:43 of 2nd period - Shot Misses the Net.
11:07 of 2nd period - Wrist shot by Dillon Dube.
11:07 of 2nd period - Stopped by Pyotr Kochetkov without a rebound.
11:08 of 2nd period - Robert Thomas wins face-off versus Dillon Dube in Rockets zone.
11:13 of 2nd period - Wrist shot by Maxime Comtois.
11:13 of 2nd period - Stopped by Mackenzie Blackwood without a rebound.
11:14 of 2nd period - Andrew Poturalski wins face-off versus Jared McCann in Icehogs zone.
11:14 of 2nd period - Andrew Poturalski is hit by Maxime Comtois.
12:04 of 2nd period - Barrett Hayton is hit by JJ. Piccinich and loses puck.
13:04 of 2nd period - Slapshot by Trevor Zegras.
13:04 of 2nd period - Stopped by Mackenzie Blackwood with a rebound.
13:09 of 2nd period - Calle Andersson is hit by Jacob De La Rose and loses puck.
13:22 of 2nd period - Icing by Jacob De La Rose.
13:23 of 2nd period - Jacob De La Rose wins face-off versus Ben Johnson in Rockets zone.
13:32 of 2nd period - Snap shot by Ben Johnson.
13:32 of 2nd period - Shot Misses the Net.
13:34 of 2nd period - Wrist shot by Ross Johnston.
13:34 of 2nd period - Stopped by Pyotr Kochetkov with a rebound.
13:36 of 2nd period - Snap shot by Nikita Okhotyuk.
13:36 of 2nd period - Stopped by Pyotr Kochetkov with a rebound.
13:38 of 2nd period - Slapshot by Declan Chisholm.
13:38 of 2nd period - Deflect By Ross Johnston.
13:38 of 2nd period - Stopped by Pyotr Kochetkov without a rebound.
13:39 of 2nd period - Robert Thomas wins face-off versus Andrew Poturalski in Rockets zone.
13:48 of 2nd period - Slapshot by Hudson Fasching.
13:48 of 2nd period - Stopped by Pyotr Kochetkov with a rebound.
13:56 of 2nd period - Hudson Fasching is hit by Robert Thomas and loses puck.
14:07 of 2nd period - Slapshot by Nikita Scherbak.
14:07 of 2nd period - Stopped by Pyotr Kochetkov with a rebound.
14:33 of 2nd period - Wrist shot by Trevor Zegras.
14:33 of 2nd period - Shot Blocked by Calle Andersson.
14:58 of 2nd period - Snap shot by Jacob Bryson.
14:58 of 2nd period - Stopped by Mackenzie Blackwood with a rebound.
15:00 of 2nd period - Snap shot by Cole Caufield.
15:00 of 2nd period - Shot Misses the Net.
15:06 of 2nd period - Minor Penalty to Zach Whitecloud for Hooking.
15:07 of 2nd period - Mikhail Grigorenko wins face-off versus Maxime Comtois in Icehogs zone.
15:44 of 2nd period - Slapshot by Jared McCann.
15:44 of 2nd period - Stopped by Mackenzie Blackwood with a rebound.
16:21 of 2nd period - Dillon Dube is hit by Kirby Dach and loses puck.
16:44 of 2nd period - Slapshot by Mikhail Grigorenko.
16:44 of 2nd period - Goal by Mikhail Grigorenko - Rockets : 0 - Icehogs : 4.
16:45 of 2nd period - Mikhail Grigorenko wins face-off versus Cole Caufield in neutral zone.
16:51 of 2nd period - Icing by Alexandre Carrier.
16:52 of 2nd period - Kirby Dach wins face-off versus Mikhail Grigorenko in Rockets zone.
17:03 of 2nd period - Wrist shot by Hudson Fasching.
17:03 of 2nd period - Shot Misses the Net.
17:06 of 2nd period - Penalty to Zach Whitecloud is over, Zach Whitecloud is back on ice.
17:23 of 2nd period - Snap shot by Jacob De La Rose.
17:23 of 2nd period - Shot Misses the Net.
17:28 of 2nd period - Wrist shot by Trevor Zegras.
17:28 of 2nd period - Shot Blocked by Nikita Okhotyuk.
17:46 of 2nd period - Wrist shot by Jake Evans.
17:46 of 2nd period - Deflect By Tage Thompson.
17:46 of 2nd period - Shot Misses the Net.
17:46 of 2nd period - Puck is out of play.
17:47 of 2nd period - Dillon Dube wins face-off versus Jake Evans in Icehogs zone.
18:12 of 2nd period - Josh Anderson is hit by Ross Johnston and loses puck.
18:41 of 2nd period - Simon Benoit is hit by Calle Andersson and loses puck.
Goals for this period are 0 for Rockets vs 1 for Icehogs.
Shots for this period are 6 for Rockets vs 12 for Icehogs.

3rd period


0:01 of 3rd period - Andrew Poturalski wins face-off versus Jared McCann in neutral zone.
0:06 of 3rd period - Jared McCann is hit by Mikhail Grigorenko and loses puck.
0:27 of 3rd period - Jeremy Davies is hit by Tage Thompson and loses puck.
1:17 of 3rd period - Snap shot by Alex Newhook.
1:17 of 3rd period - Shot Misses the Net.
1:19 of 3rd period - Wrist shot by Kirby Dach.
1:19 of 3rd period - Stopped by Mackenzie Blackwood without a rebound.
1:20 of 3rd period - Dillon Dube wins face-off versus Jared McCann in Icehogs zone.
1:20 of 3rd period - Dillon Dube is hit by Robert Thomas.
1:23 of 3rd period - Minor Penalty to Jeremy Davies for Holding Stick.
1:24 of 3rd period - Mikhail Grigorenko wins face-off versus Maxime Comtois in Icehogs zone.
1:36 of 3rd period - Snap shot by Maxime Comtois.
1:36 of 3rd period - Shot Hit the Post.
1:50 of 3rd period - Mikhail Grigorenko is hit by Kirby Dach.
2:17 of 3rd period - Slapshot by Jared McCann.
2:17 of 3rd period - Shot Blocked by Dillon Dube.
2:19 of 3rd period - Slapshot by Jared McCann.
2:19 of 3rd period - Deflect By Calle Andersson.
2:19 of 3rd period - Stopped by Mackenzie Blackwood without a rebound.
2:20 of 3rd period - Mikhail Grigorenko wins face-off versus Robert Thomas in Icehogs zone.
2:20 of 3rd period - Mikhail Grigorenko is hit by Maxime Comtois.
2:52 of 3rd period - Snap shot by Jake Evans.
2:52 of 3rd period - Stopped by Mackenzie Blackwood without a rebound.
2:53 of 3rd period - Mikhail Grigorenko wins face-off versus Alex Newhook in Icehogs zone.
2:53 of 3rd period - Mikhail Grigorenko is hit by Jared McCann.
3:15 of 3rd period - Mikhail Grigorenko is hit by Trevor Zegras and loses puck.
3:23 of 3rd period - Penalty to Jeremy Davies is over, Jeremy Davies is back on ice.
3:36 of 3rd period - JJ. Piccinich is hit by Jake Evans and loses puck.
3:45 of 3rd period - JJ. Piccinich is hit by Jake Evans and loses puck.
4:24 of 3rd period - Slapshot by Jacob Bryson.
4:24 of 3rd period - Deflect By Cole Caufield.
4:24 of 3rd period - Shot Misses the Net.
4:24 of 3rd period - Puck is out of play.
4:25 of 3rd period - Kirby Dach wins face-off versus Andrew Poturalski in Icehogs zone.
4:30 of 3rd period - Wrist shot by Alex Newhook.
4:30 of 3rd period - Goal by Alex Newhook - Rockets : 1 - Icehogs : 4.
4:31 of 3rd period - Hudson Fasching wins face-off versus Robert Thomas in neutral zone.
4:36 of 3rd period - Slapshot by Hudson Fasching.
4:36 of 3rd period - Shot Misses the Net.
4:38 of 3rd period - Slapshot by Julius Honka.
4:38 of 3rd period - Stopped by Pyotr Kochetkov without a rebound.
4:39 of 3rd period - Andrew Poturalski wins face-off versus Jared McCann in Rockets zone.
5:14 of 3rd period - Slapshot by Mikhail Grigorenko.
5:14 of 3rd period - Goal by Mikhail Grigorenko - Rockets : 1 - Icehogs : 5.
5:14 of 3rd period - Marcus Hogberg enters game.
5:15 of 3rd period - Jake Evans wins face-off versus Dillon Dube in neutral zone.
5:25 of 3rd period - Julius Honka is hit by Simon Benoit and loses puck.
6:10 of 3rd period - Backhand shot by Trevor Zegras.
6:10 of 3rd period - Deflect By Jacob De La Rose.
6:10 of 3rd period - Shot Misses the Net.
6:10 of 3rd period - Puck is out of play.
6:11 of 3rd period - Jake Evans wins face-off versus Andrew Poturalski in Icehogs zone.
6:22 of 3rd period - Slapshot by Jake Evans.
6:22 of 3rd period - Shot Misses the Net.
6:24 of 3rd period - Wrist shot by Tage Thompson.
6:24 of 3rd period - Shot Misses the Net.
6:26 of 3rd period - Snap shot by Alexandre Carrier.
6:26 of 3rd period - Shot Misses the Net.
6:36 of 3rd period - Nils Hoglander is hit by Robert Thomas and loses puck.
6:43 of 3rd period - Snap shot by Nikita Scherbak.
6:43 of 3rd period - Deflect By Nils Hoglander.
6:43 of 3rd period - Shot Blocked by Alexandre Carrier.
6:43 of 3rd period - Puck is out of play.
6:44 of 3rd period - Jacob De La Rose wins face-off versus Nils Hoglander in Rockets zone.
7:37 of 3rd period - Snap shot by Ben Johnson.
7:37 of 3rd period - Stopped by Marcus Hogberg with a rebound.
7:39 of 3rd period - Snap shot by Ben Johnson.
7:39 of 3rd period - Deflect By Ross Johnston.
7:39 of 3rd period - Shot Blocked by Alexandre Carrier.
7:39 of 3rd period - Puck is out of play.
7:40 of 3rd period - Jacob De La Rose wins face-off versus Andrew Poturalski in Rockets zone.
8:34 of 3rd period - Wrist shot by Ben Johnson.
8:34 of 3rd period - Shot Blocked by Alexandre Carrier.
8:54 of 3rd period - Slapshot by Alexandre Carrier.
8:54 of 3rd period - Stopped by Mackenzie Blackwood with a rebound.
9:06 of 3rd period - Snap shot by Dillon Dube.
9:06 of 3rd period - Stopped by Marcus Hogberg without a rebound.
9:07 of 3rd period - Dillon Dube wins face-off versus Jake Evans in Rockets zone.
9:10 of 3rd period - Snap shot by Dillon Dube.
9:10 of 3rd period - Shot Blocked by Simon Benoit.
9:12 of 3rd period - Slapshot by Nikita Okhotyuk.
9:12 of 3rd period - Stopped by Marcus Hogberg with a rebound.
9:14 of 3rd period - Slapshot by Declan Chisholm.
9:14 of 3rd period - Stopped by Marcus Hogberg without a rebound.
9:15 of 3rd period - Jake Evans wins face-off versus Andrew Poturalski in Rockets zone.
9:44 of 3rd period - Wrist shot by Maxime Comtois.
9:44 of 3rd period - Shot Blocked by Nikita Scherbak.
10:15 of 3rd period - Jacob Bryson is hit by JJ. Piccinich and loses puck.
10:26 of 3rd period - Wrist shot by Cole Caufield.
10:26 of 3rd period - Deflect By Kirby Dach.
10:26 of 3rd period - Stopped by Mackenzie Blackwood without a rebound.
10:27 of 3rd period - Kirby Dach wins face-off versus Gabriel Fortier in Icehogs zone.
10:28 of 3rd period - Slapshot by Connor Clifton.
10:28 of 3rd period - Shot Blocked by Nikita Okhotyuk.
11:17 of 3rd period - Slapshot by Maxime Comtois.
11:17 of 3rd period - Stopped by Mackenzie Blackwood without a rebound.
11:18 of 3rd period - Ben Johnson wins face-off versus Jared McCann in Icehogs zone.
11:28 of 3rd period - Slapshot by Maxime Comtois.
11:28 of 3rd period - Stopped by Mackenzie Blackwood without a rebound.
11:29 of 3rd period - Andrew Poturalski wins face-off versus Jake Evans in Icehogs zone.
11:29 of 3rd period - Andrew Poturalski is hit by Jake Evans.
11:35 of 3rd period - Jake Evans is hit by Julius Honka and loses puck.
11:52 of 3rd period - Minor Penalty to Tage Thompson for Holding.
11:53 of 3rd period - Jacob De La Rose wins face-off versus Andrew Poturalski in Rockets zone.
12:26 of 3rd period - Jacob De La Rose is hit by Dillon Dube and loses puck.
12:54 of 3rd period - Off-side.
12:55 of 3rd period - Dillon Dube wins face-off versus Maxime Comtois in neutral zone.
12:58 of 3rd period - Backhand shot by Jeremy Davies.
12:58 of 3rd period - Shot Misses the Net.
13:00 of 3rd period - Slapshot by Jeremy Davies.
13:00 of 3rd period - Stopped by Marcus Hogberg with a rebound.
13:02 of 3rd period - Wrist shot by Jeremy Davies.
13:02 of 3rd period - Stopped by Marcus Hogberg with a rebound.
13:04 of 3rd period - Slapshot by Julius Honka.
13:04 of 3rd period - Stopped by Marcus Hogberg with a rebound.
13:06 of 3rd period - Wrist shot by Nils Hoglander.
13:06 of 3rd period - Stopped by Marcus Hogberg without a rebound.
13:06 of 3rd period - Minor Penalty to Marcus Hogberg for Slashing.
13:07 of 3rd period - Jacob De La Rose wins face-off versus Andrew Poturalski in Rockets zone.
13:42 of 3rd period - Snap shot by Julius Honka.
13:42 of 3rd period - Shot Blocked by Jacob Bryson.
13:52 of 3rd period - Penalty to Tage Thompson is over, Tage Thompson is back on ice.
14:57 of 3rd period - Tage Thompson is hit by Mikhail Grigorenko and loses puck.
15:06 of 3rd period - Penalty to Connor Clifton is over, Connor Clifton is back on ice.
15:24 of 3rd period - Wrist shot by Gabriel Fortier.
15:24 of 3rd period - Deflect By Mitchell Chaffee.
15:24 of 3rd period - Stopped by Marcus Hogberg with a rebound.
15:26 of 3rd period - Wrist shot by Maxim Letunov.
15:26 of 3rd period - Shot Misses the Net.
15:28 of 3rd period - Wrist shot by Mitchell Chaffee.
15:28 of 3rd period - Shot Blocked by Connor Clifton.
16:00 of 3rd period - Jake Evans is hit by Gabriel Fortier.
17:18 of 3rd period - Hudson Fasching is hit by Simon Benoit and loses puck.
18:00 of 3rd period - Slapshot by Jeremy Davies.
18:00 of 3rd period - Shot Misses the Net.
18:02 of 3rd period - Slapshot by Jeremy Davies.
18:02 of 3rd period - Stopped by Marcus Hogberg without a rebound.
18:03 of 3rd period - Dillon Dube wins face-off versus Jake Evans in Rockets zone.
19:13 of 3rd period - Double Minor Penalty to JJ. Piccinich for Slashing.
19:14 of 3rd period - Mikhail Grigorenko wins face-off versus Maxime Comtois in Icehogs zone.
19:25 of 3rd period - Mikhail Grigorenko is hit by Trevor Zegras and loses puck.
19:30 of 3rd period - Slapshot by Robert Thomas.
19:30 of 3rd period - Goal by Robert Thomas - Rockets : 2 - Icehogs : 5.
19:31 of 3rd period - Mikhail Grigorenko wins face-off versus Maxime Comtois in neutral zone.
19:38 of 3rd period - Slapshot by Jared McCann.
19:38 of 3rd period - Stopped by Mackenzie Blackwood without a rebound.
19:39 of 3rd period - Mikhail Grigorenko wins face-off versus Maxime Comtois in Icehogs zone.
19:44 of 3rd period - Slapshot by Julius Honka.
19:44 of 3rd period - Stopped by Marcus Hogberg without a rebound.
19:45 of 3rd period - Mikhail Grigorenko wins face-off versus Maxime Comtois in Rockets zone.
19:46 of 3rd period - Snap shot by Hudson Fasching.
19:46 of 3rd period - Stopped by Marcus Hogberg with a rebound.
Goals for this period are 2 for Rockets vs 1 for Icehogs.
Shots for this period are 10 for Rockets vs 14 for Icehogs.